 Seeded DCSS version 0.24.0 (webtiles) character file.

Game seed: 65511121091, levelgen mode: deterministic

979 Kranky the Sneak (level 7, -7/57 HPs)
             Began as a Demonspawn Assassin on Mar 16, 2020.
             Mangled by a river rat (8 damage)
             ... in a sewer.
             The game lasted 00:22:45 (5955 turns).

Kranky the Sneak (Demonspawn Assassin)              Turns: 5955, Time: 00:22:45

Health: -7/57      AC:  6    Str: 13    XL:     7   Next: 96%
Magic:  7/7        EV: 13    Int: 12    God:
Gold:   213        SH:  0    Dex: 15    Spells: 6/6 levels left

rFire    . . .     SeeInvis .   q - +0 dagger (speed)
rCold    . . .     Gourm    .   (no shield)
rNeg     . . .     Faith    .   b - +0 robe
rPois    .         Spirit   .   r - +0 helmet
rElec    .         Reflect  .   c - +0 cloak
rCorr    .         Harm     .   h - +0 pair of gloves
MR       .....                  (no boots)
Stlth    +++++.....             (no amulet)
HPRegen  0.19/turn              (no ring)
MPRegen  0.10/turn              (no ring)

@: no status effects
A: hooves 1, repulsion field 1, nightstalker 2
a: no special abilities


You were in a sewer.
You were not hungry.

You visited 2 branches of the dungeon, and saw 6 of its levels.
You also visited: Sewer.

You collected 213 gold pieces.

Inventory:

Hand Weapons
 a - a +2 dagger
 q - a +0 dagger of speed (weapon)
 v - a +3 hand axe of freezing
Missiles
 d - 41 poisoned darts (quivered)
 e - 2 curare-tipped darts
 k - 95 sling bullets
 s - 6 silver javelins
Armour
 b - a +0 robe (worn)
 c - a +0 cloak (worn)
 h - a +0 pair of gloves (worn)
 r - a +0 helmet (worn)
Scrolls
 l - a scroll of remove curse
 o - a scroll of teleportation
Potions
 i - a potion of haste {unknown}
 j - 2 potions of curing
 t - a potion of degeneration {unknown}
 u - a potion of invisibility {unknown}
Comestibles
 f - 7 rations
 g - a chunk of flesh


   Skills:
 + Level 5.8 Fighting
 + Level 1.8 Short Blades
 - Level 1.7 Throwing
 * Level 4.6 Armour
 - Level 0.8 Dodging
 - Level 6.1 Stealth


You had 6 spell levels left.
You didn't know any spells.
Your spell library was empty.

Dungeon Overview and Level Annotations

Branches:
Dungeon (5/15)             Temple (1/1) D:4           Sewer (1/1)

Altars:
Ashenzari
Cheibriados
Dithmenos
Fedhas
Hepliaklqana
Kikubaaqudgha
Makhleb
Nemelex Xobeh
Qazlal
Ru
Uskayaw
Vehumet
Xom
The Shining One

Annotations:
D:2 1 exclusion
D:5 Eustachio


Innate Abilities, Weirdness & Mutations

You have large cloven feet.
You are surrounded by a mild repulsion field. (EV +2)
You are significantly more attuned to the shadows.


Message History

* * * LOW HITPOINT WARNING * * *
The river rat bites you!
* * * LOW HITPOINT WARNING * * *
You feel better. The river rat bites you.
* * * LOW HITPOINT WARNING * * *
The river rat barely misses you.
You barely miss the river rat.
You kick the river rat, but do no damage.
The river rat is heavily wounded.
The rat splashes around in the water.
The river rat barely misses you. The river rat completely misses you.
You hit the river rat but do no damage.
You kick the river rat, but do no damage.
The river rat is heavily wounded.
You hit the river rat but do no damage. You kick the river rat.
The river rat is almost dead.
The river rat bites you.
* * * LOW HITPOINT WARNING * * *
The rat barely misses you. The river rat bites you!
You die...

#≈≈≈≈≈≈#
#≈≈≈≈≈≈#
#≈≈≈≈≈≈#
#≈≈≈≈≈≈#
#≈≈≈≈≈≈#
#≈≈≈≈≈≈#
#≈≈≈≈≈≈#
#≈≈≈≈≈≈#
#≈≈≈≈≈≈#
#≈≈≈≈≈≈#
#≈≈≈≈≈≈#
#≈≈≈≈≈≈#
#≈≈≈≈≈≈#
#≈≈≈≈.≈#
#.≈#≈≈≈#
#≈≈≈≈≈≈#
#≈≈≈≈≈≈#
#≈@r≈≈≈#
#≈≈≈≈≈≈#
#≈rr≈≈≈#
#≈≈#≈≈≈#
#≈r≈≈≈≈#
#≈≈≈≈≈≈#
#≈≈r≈≈≈#
#≈≈≈≈≈≈#
#≈≈≈≈≈≈#
#≈≈≈≈≈≈#
#≈≈†≈≈≈#
##≈..r.#
##...≈##
#.....r##
##.....†#
##......##
##......##


You could see 2 river rats and 3 rats.

Vanquished Creatures
  A sky beast (D:4)
  2 ogres (D:4)
  A centaur (D:5)
  Blork the orc (D:4)
  A scorpion (D:4)
  4 crimson imps (D:4)
  An orc priest (D:3)
  A hound (D:4)
  An orc wizard (D:4)
  A worker ant (D:4)
  8 gnolls
  9 adders
  An ooze (D:1)
  3 worms
  3 dart slugs
  3 leopard geckos
  10 orcs
  6 bats
  5 giant cockroaches
  4 goblins
  8 hobgoblins
  8 jackals
  3 quokkas
  4 ball pythons
  6 frilled lizards
  A jackal skeleton (D:4)
  11 kobolds
  12 rats
119 creatures vanquished.

Vanquished Creatures (others)
  3 fungi (D:2)
3 creatures vanquished.

Grand Total: 122 creatures vanquished

Notes
Turn   | Place    | Note
-------+----------+-------------------------------------------
     0 | D:1      | Kranky the Demonspawn Assassin began the quest for the Orb.
     0 | D:1      | Reached XP level 1. HP: 16/16 MP: 1/1
   159 | D:1      | Reached skill level 4 in Stealth
   159 | D:1      | Gained mutation: You are slightly more attuned to the
                  | shadows. [demonic ancestry]
   159 | D:1      | Reached XP level 2. HP: 22/22 MP: 2/2
  1017 | D:2      | Found a blossoming altar of Fedhas.
  1105 | D:2      | Reached XP level 3. HP: 27/27 MP: 3/3
  1108 | D:2      | Reached skill level 1 in Armour
  1759 | D:2      | Gained mutation: You are significantly more attuned to the
                  | shadows. [demonic ancestry]
  1759 | D:2      | Reached XP level 4. HP: 24/33 MP: 4/4
  1790 | D:2      | Reached skill level 5 in Stealth
  2703 | D:3      | Gained mutation: You are surrounded by a mild repulsion
                  | field. (EV +2) [demonic ancestry]
  2703 | D:3      | Reached XP level 5. HP: 39/39 MP: 5/5
  3034 | D:3      | Found an ancient bone altar of Kikubaaqudgha.
  3237 | D:4      | Noticed an ogre
  3241 | D:4      | Killed an ogre
  3241 | D:4      | Reached skill level 6 in Stealth
  3241 | D:4      | Reached XP level 6. HP: 24/46 MP: 6/6
  3477 | D:4      | Noticed a sky beast
  3483 | D:4      | Killed a sky beast
  3669 | D:4      | Found a staircase to the Ecumenical Temple.
  3676 | Temple   | Entered the Ecumenical Temple
  3926 | D:4      | Noticed Blork the orc
  3959 | D:4      | Killed Blork the orc
  3959 | D:4      | Gained mutation: You have large cloven feet. [demonic
                  | ancestry]
  3959 | D:4      | Reached XP level 7. HP: 52/54 MP: 7/7
  4180 | D:4      | Found a snail-covered altar of Cheibriados.
  4656 | D:4      | Found a shimmering altar of Xom.
  5085 | D:4      | Reached skill level 5 in Fighting
  5421 | D:5      | Entered Level 5 of the Dungeon
  5448 | D:5      | Found a shimmering altar of Xom.
  5679 | D:5      | Found a radiant altar of Vehumet.
  5698 | D:5      | Noticed Eustachio
  5729 | D:5      | Found a glowing drain.
  5738 | Sewer    | Entered a sewer
  5955 | Sewer    | HP: 1/57 [river rat (3)]
  5955 | Sewer    | Mangled by a river rat

Levels and vault maps discovered:
D:1:      dpeg_arrival_ternary, layout_basic
D:2:      minmay_spotlight, layout_loops_corners, fedhas_altar_3
D:3:      cheibrodos_old_hovel, layout_basic, kiku_gazebo_garden_becter
D:4:      layout_layer_cave, kennysheep_slug_shrine, minmay_temple_entry_glass,
          first_ration, led_xom_imps, uniq_blork_the_orc
D:5:      layout_gridville, grunt_temple_overflow_bloody_war, vehumet_crystals,
          zin_academy, kennysheep_mini_moat, portal_sewer_entry_d, basic_altar,
          uniq_edmund, uniq_eustachio
Temple:   minmay_freezing_vapour_temple
Sewer:    sewer_minmay_w
